 Dungeon Crawl Stone Soup version 0.19-a0-1637-gfc13266 (webtiles) character file.

299 Amnesiac the Prestidigitator (level 6, -1/50 HPs)
             Began as a Deep Dwarf Artificer on Sept 19, 2016.
             Slain by Prince Ribbit (11 damage)
             ... on level 5 of the Dungeon.
             The game lasted 00:04:30 (749 turns).

Amnesiac the Prestidigitator (Deep Dwarf Artificer)  Turns: 749, Time: 00:04:31

Health: -1/50      AC: 10    Str: 16    XL:     6   Next: 13%
Magic:  12/12      EV:  7    Int: 11    God:
Gold:   29         SH:  0    Dex: 15    Spells: 0 memorised, 5 levels left

rFire  . . .     SeeInvis .     a - +0 short sword
rCold  . . .     Gourm    .     m - +0 chain mail
rNeg   + . .     Faith    .     (no shield)
rPois  .         Spirit   .     (no helmet)
rElec  .         Dismiss  .     s - +0 cloak
rCorr  .         Reflect  .     (no gloves)
MR     .....     Harm     .     j - +0 pair of boots
Stlth  ..........               (no amulet)
                                (no ring)
                                i - ring of positive energy

@: non-regenerating
A: damage resistance, recharge devices, sense surroundings 1, slow regeneration
3
a: Device Recharging


You were on level 5 of the Dungeon.
You were not hungry.

You visited 1 branch of the dungeon, and saw 5 of its levels.

You collected 29 gold pieces.

Inventory:

Hand Weapons
 a - a +0 short sword (weapon)
Armour
 j - a +0 pair of boots (worn)
 m - a +0 chain mail (worn)
 s - a +0 cloak (worn)
Jewellery
 i - a ring of positive energy (left hand)
Wands
 c - a wand of flame (10/48)
 d - a wand of enslavement (6/24)
 e - a wand of random effects (0/48)
 f - a wand of heal wounds (0/9)
Scrolls
 q - 3 scrolls of identify
Potions
 b - a potion of might
Books
 r - a book of Transfigurations

   Spells                             Type                      Level
   a - Irradiate                      Conjuration/Transmutation    5
   b - Statue Form                    Transmutation/Earth          6
   c - Hydra Form                     Transmutation                6
   d - Dragon Form                    Transmutation                7
Comestibles
 g - a bread ration
 h - a royal jelly
 k - 3 chunks of flesh
 n - 3 fruits


   Skills:
 - Level 0.8 Fighting
 - Level 0.8 Short Blades
 - Level 2.1 Dodging
 - Level 1.2 Stealth
 + Level 9.1 Evocations


You had 5 spell levels left.
You didn't know any spells.

Dungeon Overview and Level Annotations

Branches:
Dungeon (5/15)
 Temple: D:4-7

Altars:
Nemelex Xobeh
The Shining One

Annotations:
D:4 Amnesiac's ghost, amateur DDAr
D:5 Prince Ribbit


Innate Abilities, Weirdness & Mutations

You are resistant to damage.
You can recharge devices by infusing magical energy.
You passively map a small area around you.
You do not regenerate.


Message History

As you read the scroll labeled OHE GESYOSU, it crumbles to dust.
The dust glows shimmering grey!
It was a scroll of random uselessness.
You hear a distant blaring wail to the east.
Okay, then.
Drop what? 16/52 slots (_ for help) (? for menu, Esc to quit)
You drop a potion of degeneration.
You don't have any unidentified items.
Unknown command.
A giant cockroach and a sky beast come into view.
Found a scratched granite ring.
Found a stone staircase leading down.
You see here a scratched granite ring.
i - a scratched granite ring The giant cockroach bites you but does no damage.
Put on which piece of jewellery? (? for menu, Esc to quit)
i - a ring of positive energy (left hand)
The giant cockroach bites you but does no damage.
Prince Ribbit comes into view.
You closely miss Prince Ribbit. Prince Ribbit hits you!
You die...

**, #§§# .# *
, , #§§##.# *,
* **
#§§§§.##.# *
##§#.....#
#....§§#.#####
, #...§§.#.# *
*#.#, #s#Y#
.., Y.#s# , ,
#.#@# * *
#...F.#
#...### #..> *
* ,#.# *** ,**
#.,, ,, * # **
* * * , , * *


You could see Prince Ribbit, a sky beast and a giant cockroach.

Vanquished Creatures
  Eustachio (D:4)
  An ogre (D:4)
  A hound (D:4)
  A gnoll shaman (D:4)
  A worker ant (D:4)
  A worm (D:2)
  A leopard gecko (D:4)
  A giant cockroach (D:3)
  A hobgoblin (D:3)
  A kobold (D:3)
  2 bats
  A frilled lizard (D:2)
  A rat (D:3)
14 creatures vanquished.

Vanquished Creatures (collateral kills)
  An orc priest (D:4)
  2 gnolls (D:4)
  2 orcs (D:4)
  A quokka (D:4)
6 creatures vanquished.

Grand Total: 20 creatures vanquished

Notes
Turn   | Place    | Note
-------+----------+-------------------------------------------
     0 | D:1      | Amnesiac the Deep Dwarf Artificer began the quest for the Orb.
     0 | D:1      | Reached XP level 1. HP: 16/16 MP: 3/3
   241 | D:3      | Found a glowing golden altar of the Shining One.
   299 | D:3      | Reached XP level 2. HP: 21/24 MP: 5/5
   354 | D:4      | Noticed Eustachio
   365 | D:4      | Noticed a crimson imp
   376 | D:4      | HP: 1/24 [something (13)]
   404 | D:4      | Reached skill level 5 in Evocations
   404 | D:4      | Reached XP level 3. HP: 3/30 MP: 7/7
   407 | D:4      | Your ally died
   407 | D:4      | Reached skill level 7 in Evocations
   407 | D:4      | Reached XP level 4. HP: 4/37 MP: 7/9
   579 | D:4      | Found a sparkling altar of Nemelex Xobeh.
   618 | D:4      | Reached XP level 5. HP: 35/43 MP: 10/10
   635 | D:4      | Noticed an ogre
   643 | D:4      | Reached skill level 8 in Evocations
   644 | D:4      | Noticed Amnesiac's ghost (amateur DDAr)
   649 | D:4      | Reached skill level 9 in Evocations
   649 | D:4      | Reached XP level 6. HP: 22/50 MP: 10/12
   733 | D:5      | Entered Level 5 of the Dungeon
   738 | D:5      | Noticed a sky beast
   749 | D:5      | Noticed Prince Ribbit
   749 | D:5      | Slain by Prince Ribbit

Vault maps used:
D:1:      co_arrival_random_square_maze, hex_tiny
D:2:      overflow_temple_1_default, nrook_uturn, minmay_domino_2
D:3:      fedhas_altar_3, first_bread, tso_metal_star
D:4:      kennysheep_mini, minivault_26, hangedman_abyss_or_decor_lesser_grid,
          uniq_eustachio
D:5:      regret_index_temple_of_mockery, makhleb_altar_promises_db,
          grunt_decor_mini_mirrors, st_stairs_1, uniq_prince_ribbit1

Skill      XL: |  1  2  3  4  5 |
---------------+----------------+-----
Evocations     | 5 7 9 |  9.1
Fighting       | |  0.8
Short Blades   | |  0.8
Dodging        | |  2.1
Stealth        | |  1.2

Action                   |  1- 3 |  4- 6 || total
-------------------------+-------+-------++-------
Melee: Short sword       |    38 |    31 ||    69
Evoke: Wand              |    24 |    10 ||    34
  Use: Potion            |     1 |     5 ||     6
       Scroll            |       |     4 ||     4
Armor: Leather armour    |     5 |       ||     5
       Chain mail        |       |    47 ||    47
Dodge: Dodged            |    32 |    14 ||    46
